 Dungeon Crawl Stone Soup version 0.18.1-6-gd335043 (webtiles) character file.

291 Jerry the Grave Robber (level 5, -2/42 HPs)
             Began as a Demigod Necromancer on May 18, 2016.
             Slain by a giant frog (7 damage)
             ... on level 4 of the Dungeon.
             The game lasted 00:20:10 (4310 turns).

Jerry the Grave Robber (Demigod Necromancer)        Turns: 4310, Time: 00:20:11

Health: -2/42      AC:  3    Str:  9      XL:     5   Next: 84%
Magic:  9/12       EV: 12    Int: 20 (21) God:
Gold:   139        SH:  0    Dex: 15 (16) Spells: 2 memorised, 8 levels left

rFire  x . .     SeeInvis .     i - +0 dagger
rCold  + + .     Gourm    .     a - +0 robe
rNeg   . . .     Faith    .     (no shield)
rPois  .         Spirit   .     (helmet restricted)
rElec  .         Dismiss  .     s - +0 cloak
rCorr  .         Reflect  .     (no gloves)
SustAt +         Harm     .     (no boots)
MR     .....                    (no amulet)
Stlth  ++........               w - ring of ice
                                u - ring of protection from cold

@: not resistant to hostile enchantments, unstealthy
A: antennae 1, high mp 1, weak 1, wild magic 1, sustain attributes
a: no special abilities


You were on level 4 of the Dungeon.
You were not hungry.

You visited 1 branch of the dungeon, and saw 4 of its levels.

You collected 139 gold pieces.

Inventory:

Hand Weapons
 i - a +0 dagger (weapon)
Missiles
 d - a throwing net (quivered)
Armour
 a - a +0 robe (worn)
 o - a +1 helmet
 s - a +0 cloak (worn)
Jewellery
 u - a ring of protection from cold (left hand)
 w - a ring of ice (right hand)
Scrolls
 e - a scroll of noise {unknown}
 f - a scroll of remove curse {unknown}
 g - 3 scrolls of immolation {unknown}
 j - a scroll of magic mapping {unknown}
 q - 4 scrolls of identify {unknown}
 r - a scroll of teleportation {unknown}
Potions
 h - a potion of agility
 m - a potion of might
 x - a potion of curing
Books
 b - a book of Necromancy

   Spells                             Type                      Level
   a - Pain                           Necromancy                   1
   b - Animate Skeleton               Necromancy                   1
   c - Vampiric Draining              Necromancy                   3
   d - Regeneration                   Charms/Necromancy            3
   e - Animate Dead                   Necromancy                   4
   f - Control Undead                 Necromancy                   4
Comestibles
 c - 3 bread rations
 k - 4 chunks of flesh
 p - a beef jerky
 t - a meat ration


   Skills:
 + Level 2.7 Fighting
 - Level 1.7 Dodging
 - Level 1.7 Stealth
 - Level 3.0 Spellcasting
 + Level 5.3 Necromancy


You had 8 spell levels left.
You knew the following spells:

 Your Spells              Type           Power        Failure   Level  Hunger
a - Pain                  Necr           ####         2%          1    None
b - Animate Skeleton      Necr           N/A          2%          1    None


Dungeon Overview and Level Annotations

Branches:
Dungeon (4/15)
 Temple: D:4-7

Annotations:
D:4 Sigmund


Innate Abilities, Weirdness & Mutations

You have an increased reservoir of magic (+10% MP).
Your attributes are resistant to harm.
You have a pair of small antennae on your head.
You are weak. (Str -2)
Your spells are a little harder to cast, but a little more powerful.


Message History

The giant frog convulses in agony!
The giant frog hits you. The giant gecko bites you. The giant frog hits you.
Casting: Pain
Confirm with . or Enter, or press ? or * to list all spells.
Aiming: Pain
Press: ? - help, Shift-Dir - straight line, f/p - giant frog
Aim: a giant frog (heavily wounded, chance to defeat MR: 84%)
The giant frog convulses in agony!
The giant frog hits you. The giant gecko closely misses you.
Casting: Pain
Confirm with . or Enter, or press ? or * to list all spells.
Aiming: Pain
Press: ? - help, Shift-Dir - straight line, f/p - giant frog
Aim: a giant frog (heavily wounded, chance to defeat MR: 84%)
The giant frog convulses in agony!
The giant frog hits you!
* * * LOW HITPOINT WARNING * * *
The giant gecko bites you.
* * * LOW HITPOINT WARNING * * *
The giant frog hits you!
You die...

.......♣ ......♣.♣....#
......♣.♣...>#
.............#
#####......#.....#
#..........#.....#######
#.................<.....
.....<...........F......
................@l......
........................
..............###.......
..............# .......
..............# .......
♣.♣...........# .......
♣.♣...........# .......
♣.♣.########### #####.#
♣.♣.#


You could see a giant frog and a giant gecko.

Vanquished Creatures
  Blork the orc (D:3)
  A jelly (D:3)
  Ijyb (D:1)
  A worker ant (D:3)
  8 adders
  An ooze (D:1)
  2 worms (D:3)
  3 dart slugs
  4 giant geckos
  A giant cockroach (D:3)
  5 goblins
  7 hobgoblins
  7 jackals
  5 kobolds
  2 quokkas
  8 bats
  4 giant newts
  6 rats
67 creatures vanquished.

Vanquished Creatures (collateral kills)
  A bat (D:1)
1 creature vanquished.

Grand Total: 68 creatures vanquished

Notes
Turn   | Place    | Note
--------------------------------------------------------------
     0 | D:1      | Jerry the Demigod Necromancer began the quest for the Orb.
     0 | D:1      | Reached XP level 1. HP: 14/14 MP: 5/5
   371 | D:1      | Learned a level 1 spell: Animate Skeleton
   384 | D:1      | Reached XP level 2. HP: 17/20 MP: 1/7
  1101 | D:1      | Reached skill level 4 in Necromancy
  1284 | D:2      | Reached XP level 3. HP: 6/26 MP: 2/9
  1592 | D:2      | Noticed an air elemental
  1594 | D:2      | Found a stormy altar of Qazlal.
  1597 | D:2      | Noticed a fire elemental
  1597 | D:2      | Noticed an earth elemental
  1597 | D:2      | Noticed a water elemental
  1647 | D:2      | Noticed Ijyb
  1805 | D:1      | Killed Ijyb
  1980 | D:1      | Reached XP level 4. HP: 8/34 MP: 5/11
  2798 | D:3      | Reached skill level 1 in Fighting
  3304 | D:3      | Reached XP level 5. HP: 38/41 MP: 7/12
  3516 | D:4      | Noticed Sigmund
  3543 | D:4      | Noticed Blork the orc
  3552 | D:3      | Killed Blork the orc
  3552 | D:3      | Reached skill level 5 in Necromancy
  3749 | D:3      | Gained mutation: You are weak. (Str -2) [potion of mutation]
  3749 | D:3      | Gained mutation: You have a pair of small antennae on your head. [potion of mutation]
  3749 | D:3      | Gained mutation: Your spells are a little harder to cast, but a little more powerful. [potion of mutation]
  3787 | D:3      | HP: 2/42 [poisoned by a worker ant]
  3793 | D:3      | HP: 2/42 [poisoned by a worker ant]
  3799 | D:2      | HP: 1/42 [poisoned by a worker ant]
  4310 | D:4      | Slain by a giant frog

Skill      XL: |  1  2  3  4  5 |
---------------+----------------+-----
Spellcasting   | 2 3 |  3.0
Necromancy     | 4 5 |  5.3
Fighting       | 1 2 |  2.7
Dodging        | |  1.7
Stealth        | |  1.7

Action                   |  1- 3 |  4- 6 || total
-------------------------+-------+-------++-------
Melee: Unarmed           |     3 |       ||     3
       Dagger            |    35 |   130 ||   165
 Cast: Pain              |    48 |    54 ||   102
       Animate Skeleton  |     4 |       ||     4
  Use: Potion            |       |     6 ||     6
 Stab: Sleeping          |     2 |       ||     2
  Eat: Chunk             |     3 |     8 ||    11
Armor: Robe              |    10 |    44 ||    54
Dodge: Dodged            |    66 |   118 ||   184
